 Dungeon Crawl Stone Soup version 0.19.1-1-g22dce08 (webtiles) character file.

46 Kiturien the Shield-Bearer (level 3, 0/33 HPs)
             Began as a Deep Dwarf Fighter on Jan 20, 2017.
             Slain by Sigmund
             ... wielding a +0 scythe
              (7 damage)
             ... on level 2 of the Dungeon.
             The game lasted 00:05:13 (1124 turns).

Kiturien the Shield-Bearer (Deep Dwarf Fighter)     Turns: 1124, Time: 00:05:14

Health: 0/33       AC: 10    Str: 20    XL:     3   Next: 46%
Magic:  3/3        EV:  8    Int:  8    God:
Gold:   74         SH:  9    Dex: 12    Spells: 0 memorised, 2 levels left

rFire  . . .     SeeInvis .     a - +0 war axe
rCold  . . .     Gourm    .     o - +2 ring mail {rN+}
rNeg   + . .     Faith    .     c - +0 shield
rPois  .         Spirit   .     (no helmet)
rElec  .         Reflect  .     (no cloak)
rCorr  .         Harm     .     m - +1 pair of gloves
MR     .....                    (no boots)
Stlth  +.........               (no amulet)
                                (no ring)
                                (no ring)

@: non-regenerating
A: damage resistance, recharge devices, sense surroundings 1, slow regeneration
3
a: Device Recharging


You were on level 2 of the Dungeon.
You were not hungry.

You visited 1 branch of the dungeon, and saw 2 of its levels.

You collected 74 gold pieces.

Inventory:

Hand Weapons
 a - a +0 war axe (weapon)
 r - a +2 short sword of protection
Armour
 b - a +0 scale mail
 c - a +0 shield (worn)
 m - a +1 pair of gloves (worn)
 o - a +2 ring mail of positive energy (worn)
Jewellery
 h - an uncursed ring of fire
Wands
 e - a wand of heal wounds (5/9)
Scrolls
 g - a scroll of magic mapping {unknown}
 i - a scroll of fog {unknown}
 j - a scroll of remove curse
 k - a scroll of identify {unknown}
 l - a scroll of recharging {unknown}
 s - a scroll of enchant weapon {unknown}
 t - a scroll of enchant armour {unknown}
 u - a scroll of noise {unknown}
Potions
 d - a potion of might
 n - 2 potions of brilliance {unknown}
 p - a potion of degeneration {unknown}
 q - a potion of resistance {unknown}
Comestibles
 f - a bread ration


   Skills:
 + Level 2.9 Fighting
 + Level 2.7 Axes
 + Level 3.7 Armour
 + Level 0.7 Dodging
 + Level 3.9 Shields
 * Level 0.6 Evocations


You had 2 spell levels left.
You didn't know any spells.

Dungeon Overview and Level Annotations

Branches:
Dungeon (2/15)

Altars:
Qazlal
Ru

Annotations:
D:2 Sigmund


Innate Abilities, Weirdness & Mutations

You are resistant to damage.
You can recharge devices by infusing magical energy.
You passively map a small area around you.
You do not regenerate.


Message History

You slash Sigmund!
Sigmund is severely wounded.
Sigmund hits you with a scythe.
You closely miss Sigmund.
Sigmund is severely wounded.
You block Sigmund's attack.
You barely miss Sigmund.
Sigmund is severely wounded.
You block Sigmund's attack.
Your shield prevents you from hitting Sigmund.
Sigmund is severely wounded.
You block Sigmund's attack.
You hit Sigmund.
Sigmund is almost dead.
You block Sigmund's attack.
You closely miss Sigmund.
Sigmund is almost dead.
Sigmund says, "Look into my eyes."
Sigmund hits you with a scythe!
You die...

.#. ).#. .# ###.###.## ,
...###.#.## .# #.# #.#
..........###.# ##.###.## ,
.....##..##.#####....#... ,
,* $.................†#... ,
# #.#..........#........
...##.#.............#..##...
,
..............(.....##.##...
+#######+..@.†......##......
#...#, #.@.................
, #.r.#.
#.....#...####...... ,
....., #####.########...###
##._.### #.# #E#...#E# *
......#####.# ####...###
#.{.#.....# #.........
,,,#..†#..#### #...._.... ,+
####'..# #.........


You could see Sigmund.

Vanquished Creatures
  2 adders
  An ooze (D:2)
  3 bats (D:1)
  7 goblins
  2 hobgoblins
  2 kobolds (D:2)
  A quokka (D:2)
  A frilled lizard (D:2)
  4 rats
23 creatures vanquished.

Notes
Turn   | Place    | Note
-------+----------+-------------------------------------------
     0 | D:1      | Kiturien the Deep Dwarf Fighter began the quest for the Orb.
     0 | D:1      | Reached XP level 1. HP: 20/20 MP: 1/1
   509 | D:1      | Reached XP level 2. HP: 27/27 MP: 2/2
   997 | D:2      | Reached XP level 3. HP: 29/33 MP: 3/3
  1021 | D:2      | Found a stormy altar of Qazlal.
  1023 | D:2      | Noticed a water elemental
  1024 | D:2      | Noticed a fire elemental
  1024 | D:2      | Noticed an air elemental
  1024 | D:2      | Noticed an earth elemental
  1079 | D:2      | Found a sacrificial altar of Ru.
  1080 | D:2      | Noticed Sigmund
  1124 | D:2      | Slain by Sigmund

Action                   || total
-------------------------++-------
Melee: War axe           ||    99
  Use: Scroll            ||     1
 Stab: Invisible         ||     1
  Eat: Bread ration      ||     1
Armor: Ring mail         ||    44
       Scale mail        ||     3
Dodge: Dodged            ||    39
Block: Shield            ||    67
